Map: [ESL] Berlingrad

Players

Ryung

  • Race: Terran Terran

Serral - Winner!

  • Race: Zerg Zerg

Event: IEM Katowice 2022

VOD

Have the link to the VOD?

Description

Time

  • Played on: Feb. 24, 2022, 12:10 p.m.
  • Length: 14:55

All games in this series

Show
View Real Time Build Order
Export as new Build Order

Ryung Terran 

Build Orders: Command Center First (CC) 

Get SALT Encoding   

  12  0:00  SCV  
  13  0:12  SCV  
  14  0:16  Supply Depot  
  14  0:24  SCV  
  15  0:38  SCV  
  16  0:50  SCV  
  17  0:58  Command Center  
  17  1:02  SCV  
  18  1:12  Barracks  
  18  1:15  SCV  
  19  1:20  Refinery  
  19  1:27  SCV  
  19  1:29  Refinery  
  20  1:39  SCV  
  21  1:52  SCV  
  22  1:58  Marine  
  23  2:04  Orbital Command  
  23  2:11  Orbital Command  
  23  2:13  Factory  
  23  2:28  Barracks Reactor  
  23  2:29  Supply Depot, SCV  
  24  2:37  SCV  
  24  2:41  SCV  
  26  2:53  Supply Depot, SCV  
  26  2:54  SCV  
  26  2:57  Hellion  
  30  3:05  Marine  
  30  3:07  Starport, Marine  
  32  3:16  SCV x2  
  34  3:28  SCV x2  
  34  3:32  Hellion, Barracks Tech Lab  
  34  3:33  Hellion  
  40  3:40  Supply Depot  
  40  3:42  SCV x2  
  40  3:43  Viking  
  44  3:50  Marine  
  44  3:51  Stimpack  
  44  3:54  Hellion  
  47  3:56  Hellion  
  47  3:58  SCV  
  47  3:59  SCV  
  51  4:10  SCV  
  51  4:11  SCV  
  53  4:17  Starport Reactor  
  53  4:22  SCV, Factory Tech Lab, Barracks  
  53  4:23  Barracks, SCV  
  55  4:24  Supply Depot  
  55  4:26  Engineering Bay  
  55  4:27  Marine  
  56  4:34  SCV  
  56  4:36  SCV, Refinery  
  58  4:41  Siege Tank  
  61  4:49  SCV x2  
  61  4:52  Barracks, Marine  
  63  4:55  Barracks  
  63  4:57  Terran Infantry Weapons Level 1  
  63  4:59  Supply Depot  
  64  5:01  SCV  
  64  5:03  SCV  
  66  5:10  Marine  
  66  5:13  SCV  
  68  5:16  SCV  
  68  5:18  Starport Reactor  
  68  5:20  Supply Depot  
  72  5:21  Marine x3, Siege Tank  
  72  5:22  Marine  
  72  5:24  Supply Depot  
  72  5:26  Supply Depot  
  72  5:28  Marine  
  77  5:33  Combat Shield  
  77  5:40  Marine  
  77  5:42  Marine x4  
  82  5:51  Supply Depot, Marine x2  
  82  5:54  Siege Tank  
  82  5:55  Medivac x2  
  91  5:58  Marine  
  91  6:03  Marine x4  
  91  6:04  Supply Depot  
  96  6:09  Marine x2  
  98  6:15  Marine  
  99  6:20  Marine  
  99  6:21  Marine x3  
  99  6:25  Medivac  
  103  6:26  Siege Tank  
  103  6:27  Marine x2, Medivac  
  112  6:33  Marine  
  112  6:38  Marine x2  
  112  6:39  Marine x2  
  117  6:43  Supply Depot  
  117  6:44  Marine  
  117  6:45  Marine  
  119  6:51  Marine  
  120  6:56  Marine x2  
  120  6:57  Marine  
  120  6:58  Marine  
  120  7:01  Siege Tank  
  126  7:03  Marine  
  126  7:04  Marine  
  125  7:09  Marine  
  125  7:14  Marine x3  
  123  7:15  Marine  
  123  7:17  Medivac x2  
  123  7:20  Marine  
  123  7:22  Marine  
  130  7:27  Marine  
  112  7:32  Marine x3  
  112  7:33  Marine, Siege Tank  
  100  7:38  Marine  
  100  7:40  Marine  
  97  7:44  Marine  
  97  7:47  Terran Infantry Armor Level 1  
  97  7:49  Marine  
  97  7:50  Marine x2  
  101  7:51  Marine  
  101  7:56  Marine  
  101  7:57  Marine  
  102  8:02  Marine  
  102  8:05  Siege Tank  
  106  8:07  Marine x2  
  106  8:08  Marine  
  106  8:09  Marine  
  110  8:14  Marine  
  110  8:15  Marine  
  112  8:20  Marine  
  112  8:25  Marine x2  
  112  8:26  Marine  
  112  8:27  Marine  
  115  8:32  Marine  
  115  8:33  Marine  
  118  8:35  Medivac x2  
  118  8:38  Marine  
  121  8:43  Marine x2  
  121  8:44  Marine x2  
  123  8:50  Marine  
  123  8:51  Marine  
  124  8:56  Marine  
  124  8:57  Siege Tank  
  124  9:01  Marine x3  
  124  9:02  Marine  
  130  9:07  Marine  
  130  9:09  Marine  
  125  9:13  Marine  
  123  9:19  Marine x3, Liberator x2  
  123  9:20  Marine  
  133  9:24  Command Center  
  133  9:25  Marine  
  133  9:27  Marine  
  133  9:29  Siege Tank  
  131  9:31  Marine  
  131  9:36  Marine x2  
  131  9:37  Marine  
  131  9:38  Marine  
  134  9:54  Marine x3  
  134  9:55  Marine x3  
  134  9:56  Marine  
  132  10:02  Siege Tank  
  134  10:09  Supply Depot  
  134  10:10  Liberator  
  134  10:11  Supply Depot  
  134  10:12  Marine x5  
  142  10:24  Marine x2, Liberator  
  140  10:29  Marine x2  
  140  10:31  Marine x3  
  140  10:34  Siege Tank  
  145  10:42  Marine x2  
  147  10:47  Marine x2  
  147  10:48  Marine x3  
  152  10:50  Orbital Command  
  152  10:55  Medivac  
  154  11:00  Marine x2  
  155  11:05  Marine x2  
  155  11:06  Marine x3  
  155  11:11  Armory  
  160  11:18  Marine x2  
  162  11:23  Marine x2  
  162  11:24  Marine x3  
  167  11:29  Supply Depot  
  167  11:30  Supply Depot, Orbital Command  
  167  11:35  Marine  
  167  11:36  Marine  
  169  11:41  Marine x2  
  171  11:50  Siege Tank  
  174  11:54  Supply Depot x2  
  174  12:00  Terran Infantry Weapons Level 2  
  174  12:02  Barracks Reactor x2  
  174  12:10  Engineering Bay  
  174  12:12  SCV  
  175  12:29  Terran Vehicle Weapons Level 1  
  175  12:34  Siege Tank  
  178  12:38  Sensor Tower  
  178  12:43  Marine x2  
  179  12:45  Marine x4  
  183  12:57  Marine  
  183  12:58  Marine x2  
  185  13:01  Marine x2  
  185  13:03  Marine x3  
  191  13:10  Medivac  
  193  13:13  Refinery  
  193  13:14  Medivac  
  193  13:15  Factory  
  195  13:35  Marine x2  
  195  13:36  Marine  
  195  13:38  Marine x2  
  200  13:41  Marine  
  200  13:42  Marine x3  
  200  13:43  Medivac  
  196  13:53  Marine x2  
  196  13:54  Marine, Command Center  
  199  13:56  Marine  
  199  13:59  Marine  
  189  14:04  Marine x3  
  189  14:05  Marine  
  149  14:11  Marine x2  
  149  14:12  Marine  
  149  14:14  Marine  
  136  14:17  Marine  
  136  14:22  Marine x2, Siege Tank  
  136  14:24  Factory Tech Lab, Marine x2  
  127  14:28  Marine  
  127  14:29  Marine  
  127  14:30  Marine  
  132  14:32  Marine  
  132  14:35  Marine  
Show
View Real Time Build Order
Export as new Build Order

Serral Zerg - Winner!

Build Orders: Pool First 

Get SALT Encoding   

  12  0:00  Drone  
  13  0:12  Overlord  
  13  0:16  Drone  
  14  0:30  Drone x2  
  16  0:40  Spawning Pool  
  15  0:44  Drone  
  15  0:48  Drone  
  17  1:07  Hatchery  
  17  1:10  Drone  
  17  1:26  Zergling x4  
  17  1:27  Zergling x2  
  17  1:29  Queen  
  17  1:32  Extractor  
  21  1:38  Overlord  
  21  1:50  Drone  
  22  1:59  Drone  
  23  2:05  Queen  
  25  2:10  Drone  
  26  2:19  Drone, Queen  
  26  2:21  Drone  
  30  2:31  Drone  
  30  2:32  Metabolic Boost, Drone  
  32  2:40  Drone x3  
  32  2:43  Drone  
  36  2:49  Overlord  
  36  3:06  Hatchery  
  34  3:13  Drone x4  
  34  3:17  Overlord  
  34  3:18  Drone x2  
  40  3:23  Drone  
  40  3:25  Drone  
  40  3:28  Drone  
  40  3:31  Queen  
  43  3:36  Queen  
  43  3:38  Drone  
  46  3:44  Drone  
  46  3:45  Drone, Baneling Nest  
  47  3:51  Zergling x6  
  50  3:57  Overlord  
  50  3:59  Zergling x4  
  52  4:05  Overlord  
  52  4:17  Queen  
  52  4:18  Zergling x4  
  52  4:19  Queen  
  58  4:25  Zergling x2  
  58  4:26  Drone  
  58  4:27  Drone x5  
  58  4:29  Drone  
  66  4:31  Spore Crawler  
  66  4:32  Zergling x2  
  66  4:35  Baneling  
  66  4:39  Overlord  
  66  4:43  Overlord  
  66  4:47  Spore Crawler  
  66  4:48  Drone  
  66  4:50  Overlord  
  66  4:52  Lair  
  66  4:53  Overlord, Extractor  
  66  4:57  Zergling x4  
  66  4:58  Drone x2  
  66  4:59  Drone  
  68  5:01  Drone  
  68  5:05  Drone  
  68  5:06  Drone  
  73  5:07  Drone x2  
  73  5:10  Drone  
  73  5:11  Drone x3  
  77  5:14  Zergling x2  
  77  5:20  Baneling x2  
  78  5:22  Zergling x2  
  78  5:23  Drone x3  
  78  5:26  Extractor  
  78  5:27  Extractor  
  78  5:28  Drone, Queen  
  81  5:32  Drone  
  84  5:36  Overlord  
  84  5:37  Drone x4  
  88  5:44  Drone x2  
  88  5:46  Evolution Chamber x2, Zergling x2  
  88  5:48  Spore Crawler  
  88  5:49  Drone  
  89  5:51  Centrifugal Hooks  
  89  5:52  Overseer  
  89  5:54  Zergling x4  
  91  5:59  Hatchery  
  91  6:01  Zergling x6  
  93  6:07  Overlord  
  93  6:08  Zergling x8  
  97  6:19  Zerg Ground Armor Level 1, Overlord, Zerg Melee Weapons Level 1  
  97  6:21  Zergling x2  
  97  6:25  Overlord  
  97  6:26  Overlord x2  
  97  6:28  Baneling x5  
  97  6:32  Zergling x12  
  103  6:37  Zergling x4  
  103  6:38  Zergling x2  
  103  6:39  Baneling  
  106  6:40  Baneling x6  
  106  6:44  Overlord  
  106  6:46  Zergling x8  
  110  6:51  Baneling x6  
  110  6:52  Zergling x6  
  110  6:54  Zergling x4  
  113  7:00  Zergling x2  
  114  7:03  Baneling x2  
  114  7:05  Zergling x4  
  116  7:10  Zergling x2  
  117  7:15  Queen x2  
  117  7:16  Queen x2  
  117  7:19  Zergling x10  
  117  7:20  Baneling x3  
  107  7:35  Zergling x22  
  103  7:38  Baneling x10  
  102  7:44  Zergling x2  
  102  7:49  Zergling x6  
  102  7:51  Queen x2  
  106  7:55  Queen  
  106  7:56  Queen  
  111  7:59  Zergling x6  
  111  8:01  Zergling x2  
  115  8:07  Zergling x2  
  116  8:18  Zergling x14  
  123  8:27  Queen x2, Zergling x14  
  120  8:28  Zergling x6  
  135  8:34  Zergling x6  
  133  8:41  Queen  
  133  8:43  Zergling x2  
  132  8:51  Baneling x7  
  132  8:52  Baneling x4  
  131  8:58  Zergling x10  
  131  9:02  Queen  
  136  9:03  Zergling x8  
  136  9:04  Zergling x2  
  141  9:13  Baneling Nest  
  141  9:14  Zergling x10  
  141  9:16  Overlord x3  
  139  9:35  Zergling x20  
  149  9:43  Baneling x8  
  145  9:56  Zergling x14  
  145  9:59  Zerg Ground Armor Level 2, Zerg Melee Weapons Level 2  
  147  10:00  Zergling x2  
  147  10:01  Zergling x6  
  148  10:08  Hatchery  
  148  10:12  Baneling x7  
  147  10:19  Baneling x2  
  147  10:20  Baneling  
  147  10:23  Zergling x12  
  148  10:32  Zergling x10  
  148  10:34  Hatchery  
  152  10:42  Zergling x4  
  154  10:49  Zergling x14  
  161  10:50  Baneling x9  
  161  10:55  Zergling x2  
  159  11:05  Zergling x6  
  162  11:14  Hydralisk Den  
  162  11:15  Overlord x4  
  162  11:17  Burrow  
  161  11:22  Zergling x2  
  161  11:23  Zergling x12  
  168  11:26  Baneling x12  
  168  11:29  Zergling x2  
  168  11:38  Zergling x2  
  168  11:39  Zergling x12  
  175  11:46  Grooved Spines, Baneling x7  
  174  11:47  Baneling  
  174  12:02  Drone x7  
  174  12:03  Drone  
  182  12:22  Infestation Pit  
  182  12:25  Extractor  
  182  12:28  Drone  
  182  12:29  Drone x2, Hydralisk x5  
  192  12:38  Hatchery  
  190  12:47  Zerg Missile Weapons Level 1  
  190  12:53  Overlord  
  187  12:58  Hydralisk x2  
  187  13:01  Hive  
  189  13:08  Hydralisk  
  189  13:12  Muscular Augments  
  191  13:20  Baneling x2  
  190  13:27  Hatchery  
  190  13:31  Hydralisk x6  
  196  13:37  Zergling x10  
  194  13:41  Zergling x12  
  194  13:43  Baneling x20  
  199  13:56  Zergling x2  
  186  14:04  Zergling x28  
  186  14:05  Baneling x2, Zergling x18  
  192  14:10  Zergling x18  
  192  14:15  Viper  
  192  14:16  Viper  
  199  14:22  Zergling x4  
  199  14:37  Baneling  
  199  14:38  Baneling x7  

Tags
 
Add a new tag
Caveats
  • Supply blocks, unpowered buildings, or Contaminate may cause inaccurate times.
  • Supply counts are checked every 10 seconds.